 Dungeon Crawl Stone Soup version 0.27.0-1-g7a089689b8 (webtiles) character file.

Game seed: 6006372162361474372

155 Descartes the Scratcher (level 5, -1/24 HPs)
             Began as a Felid Wanderer on Aug 1, 2021.
             Frozen to death by an endoplasm (2 damage)
             ... in a sewer.
             The game lasted 00:09:55 (4585 turns).

Descartes the Scratcher (Felid Wanderer)            Turns: 4585, Time: 00:09:56

Health: -1/24      AC:  1    Str:  7    XL:     5   Next: 14%
Magic:  6/6        EV: 18    Int: 14    God:
Gold:   144        SH:  0    Dex: 17    Spells: 4/4 levels left
                                        Lives:  0   Deaths: 1

rFire    . . .     SeeInvis +     - Unarmed
rCold    . . .     Faith    .   (shield unavailable)
rNeg     . . .     Spirit   .   (armour unavailable)
rPois    .         Reflect  .   (helmet unavailable)
rElec    .         Harm     .   (cloak unavailable)
rCorr    .         Rampage  .   (gloves unavailable)
Will     .....                  (boots unavailable)
Stlth    ++........             (no amulet)
HPRegen  0.08/turn              (no ring)
MPRegen  0.10/turn              (no ring)

@: lethally poisoned (-1 -> -2), very slow
A: very small, claws 1, fangs 3, see invisible, speed 1, shaggy fur 1, stealthy
paws, no weapons or thrown items, no armour, multi-lived, mutation resistance 1
a: no special abilities


You were in a sewer.
You visited 1 branch of the dungeon, and saw 4 of its levels.
You also visited: Sewer.

You collected 144 gold pieces.

Inventory:

Scrolls
 a - a scroll of enchant weapon {unknown}
 b - a scroll of fear
 d - 2 scrolls of teleportation
 f - a scroll of amnesia
Potions
 h - a potion of mutation
 k - a potion of brilliance {unknown}
 l - 2 potions of berserk rage {unknown}
 m - a potion of lignification {unknown}


   Skills:
 - Level 3.0 Fighting
 + Level 4.0 Dodging
 * Level 5.8 Stealth
 + Level 6.0 Unarmed Combat
 - Level 1.1 Evocations


You had 4 spell levels left.
You didn't know any spells.
Your spell library was empty.

Dungeon Overview and Level Annotations

Branches:
Dungeon (4/15)              Sewer (1/1)
 Temple: D:4-7

Altars:

Annotations:
D:2 Sigmund


Innate Abilities, Weirdness & Mutations

You have sharp claws.
You have razor-sharp teeth.
You have supernaturally acute eyesight. (SInv)
You cover ground quickly. (Speed+)
You are covered in fur. (AC +1)
Your paws help you pounce on unaware monsters.
You are incapable of wielding weapons or throwing items.
You cannot wear armour.
You gain extra lives every three experience levels.
You are somewhat resistant to further mutation.


Message History

The adder poisons you! The adder misses you.
You are too injured to fight recklessly!
You are too injured to fight recklessly!
You are too injured to fight recklessly!
You are too injured to fight recklessly!
You are too injured to fight recklessly!
You are too injured to fight recklessly!
You are too injured to fight recklessly!
You are too injured to fight recklessly!
You are too injured to fight recklessly!
You are too injured to fight recklessly!
You are too injured to fight recklessly!
You are too injured to fight recklessly!
You are too injured to fight recklessly!
You are too injured to fight recklessly!
You are too injured to fight recklessly!
You are too injured to fight recklessly!
You are too injured to fight recklessly!
You are too injured to fight recklessly!
You are too injured to fight recklessly!
Your unstable footing causes you to fumble your attack.
You feel sick. The adder misses you.
You feel sick. The adder closely misses you.
You barely miss the adder. You claw the adder.
You kill the adder!
You feel sick.
You feel sick.
The endoplasm splashes around in the water.
The endoplasm closely misses you.
You barely miss the endoplasm.
The endoplasm splashes around in the water.
Your unstable footing causes you to fumble your attack.
You feel sick. The endoplasm hits you.
* * * LOW HITPOINT WARNING * * *
You scratch the endoplasm but do no damage.
* * * LOW HITPOINT WARNING * * *
You feel sick. The endoplasm freezes you.
You are frozen.
You die...

.≈≈≈≈≈≈# ≈≈≈≈≈.≈#
....≈≈≈## ≈≈.≈≈≈≈.##
#####.≈
..≈##≈≈≈.####≈≈≈≈.
.≈####≈≈..≈≈≈≈# .≈##
#≈≈≈≈≈.≈≈# ######
≈..####≈..≈≈≈≈###≈≈≈≈.#
≈.≈≈≈########≈.≈@J#
#≈.≈≈≈# #####≈≈≈≈.#
##...≈# ###### ##.≈≈#
#≈≈.# #...# ##≈≈.##
#≈≈≈.≈# #.###≈#


You could see an endoplasm.

Vanquished Creatures
  A hound (D:4)
  A jelly (D:3)
  A centaur skeleton (D:3)
  A hound skeleton (D:4)
  6 adders
  2 river rats (Sewer)
  2 worms
  2 dart slugs (D:2)
  3 orcs
  6 ball pythons
  2 bats (D:3)
  11 endoplasms
  2 giant cockroaches (D:4)
  7 goblins
  7 hobgoblins
  14 jackals
  4 quokkas
  2 frilled lizards
  9 kobolds
  8 rats
91 creatures vanquished.

Notes
Turn   | Place    | Note
-------+----------+-------------------------------------------
     0 | D:1      | Descartes the Felid Wanderer began the quest for the Orb.
     0 | D:1      | Descartes set off with the following items: a potion of
                  | heal wounds, a scroll of fear, a potion of curing, a scroll
                  | of teleportation
     0 | D:1      | Reached XP level 1. HP: 10/10 MP: 2/2
   118 | D:1      | Reached skill level 1 in Dodging
   217 | D:1      | Reached XP level 2. HP: 8/14 MP: 3/3
  1071 | D:2      | Found a faded altar of an unknown god.
  1159 | D:2      | Reached XP level 3. HP: 17/17 MP: 4/4
  1205 | D:2      | Noticed Sigmund
  2166 | D:3      | Reached XP level 4. HP: 21/21 MP: 5/5
  2682 | D:3      | Reached XP level 5. HP: 24/24 MP: 6/6
  3387 | D:4      | Noticed an orc warrior
  3395 | D:4      | Noticed a black bear
  3504 | D:4      | Reached skill level 5 in Stealth
  3881 | D:4      | Found a glowing drain.
  3883 | D:4      | Noticed an ogre
  3894 | Sewer    | Entered a sewer
  4462 | Sewer    | Gained mutation: You are somewhat resistant to further
                  | mutation. [potion of mutation]
  4465 | Sewer    | Slain by a kobold brigand
  4466 | Sewer    | Reached XP level 4. HP: -1/21 MP: 5/5
  4524 | Sewer    | Reached skill level 6 in Unarmed Combat
  4524 | Sewer    | Reached XP level 5. HP: 24/24 MP: 6/6
  4585 | Sewer    | HP: 1/24 [poisoned by an adder]
  4585 | Sewer    | Frozen to death by an endoplasm

Illustrated notes

Levels and vault maps discovered:
D:1:      amcnicky_arrival_abandoned_market, layout_rooms
D:2:      layout_basic, hellmonk_ecumenical_altar_slurped_away,
          kennysheep_generic_room_8, uniq_sigmund
D:3:      layout_loops_cross, roderic_roman_lattice
D:4:      layout_loops_ring, serial_glass, glass_columns_b, glass_columns_b,
          portal_sewer_entry_c
Sewer:    sewer_co_tree

Skill      XL: |  1  2  3  4  5 |
---------------+----------------+-----
Dodging        | 1 2 4 |  4.0
Stealth        | 2 3 4 5 |  5.8
Unarmed Combat | 6 |  6.0
Fighting       | |  3.0
Evocations     | |  1.1

Action                   |  1- 3 |  4- 6 || total
-------------------------+-------+-------++-------
Melee: Unarmed           |    77 |   170 ||   247
       Bite              |     5 |    16 ||    21
       Punch             |     2 |     5 ||     7
  Use: Potion            |     1 |     4 ||     5
       Scroll            |       |     6 ||     6
 Stab: Sleeping          |     7 |    16 ||    23
Armor: Skin              |     5 |     5 ||    10
Dodge: Dodged            |    58 |   136 ||   194
